| TOP OF THE 1ST |
|
Colorado (EL) Rockies batting - Pitching for Altoona Curve : RHP Eric Bourque
|
|
Pitching: RHP Eric Bourque
|
|
|
Batting: SHB Jamie Mims
|
0-0: Ball 1-0: Swinging Strike 1-1: Foul Ball, location: 2F 1-2: Strikes out swinging
|
|
Batting: SHB Jeff Sorrels
|
0-0: Called Strike 0-1: Fly out, F7 (Flyball, 7, EV 85.0 MPH)
|
|
Batting: LHB Mick Tucker
|
0-0: Called Strike 0-1: Ball 1-1: Foul Ball, location: 2F 1-2: Ball 2-2: Foul Ball, location: 2F 2-2: Foul Ball, location: 2F 2-2: SINGLE (Flyball, 78S, EV 87.5 MPH)
|
|
Batting: RHB John Corfield
|
0-0: Foul Ball, location: 2F 0-1: Ground out 6-3 (Groundball, 56, EV 111.2 MPH)
|
| Top of the 1st over - 0 runs, 1 hit, 0 errors, 1 left on base; Colorado (EL) 0 - Altoona 0 |
| BOTTOM OF THE 1ST |
|
Altoona Curve batting - Pitching for Colorado (EL) Rockies : RHP D.J. Pedroza
|
|
Pitching: RHP D.J. Pedroza
|
|
|
Batting: RHB Chris McCoy
|
0-0: Ground out 6-3 (Groundball, 56, EV 78.1 MPH)
|
|
Batting: LHB Josh Aerni
|
0-0: Ball 1-0: Ball 2-0: Ball 3-0: Base on Balls
|
|
Batting: RHB Brandon White
|
0-0: Called Strike Josh Aerni is caught stealing 2nd base 2-4 0-1: Fly out, F8 (Flyball, 89M, EV 78.8 MPH)
|
| Bottom of the 1st over - 0 runs, 0 hits, 0 errors, 0 left on base; Colorado (EL) 0 - Altoona 0 |
| TOP OF THE 2ND |
|
Colorado (EL) Rockies batting - Pitching for Altoona Curve : RHP Eric Bourque
|
|
Batting: LHB Paul McClintock
|
0-0: Called Strike 0-1: Ball 1-1: Called Strike 1-2: Ball 2-2: Fly out, F3 (Popup, 3, EV 68.8 MPH)
|
|
Batting: RHB Chris Tatum
|
0-0: Ground out 5-3 (Groundball, 56, EV 100.6 MPH)
|
|
Batting: LHB Daniel Green
|
0-0: Fly out, F8 (Flyball, 8RD, EV 99.4 MPH)
|
| Top of the 2nd over - 0 runs, 0 hits, 0 errors, 0 left on base; Colorado (EL) 0 - Altoona 0 |
| BOTTOM OF THE 2ND |
|
Altoona Curve batting - Pitching for Colorado (EL) Rockies : RHP D.J. Pedroza
|
|
Batting: LHB Joe Wise
|
0-0: Ball 1-0: Ball 2-0: Ball 3-0: Base on Balls
|
|
Batting: RHB Alex Arzate
|
0-0: Ball 1-0: Grounds into double play, 5-4-3 (Groundball, 56S, EV 89.4 MPH)
|
|
Batting: RHB Steve Terres
|
0-0: Called Strike 0-1: Ball 1-1: SINGLE (Line Drive, 9LS, EV 96.9 MPH)
|
|
Batting: RHB Jeff Edwards
|
0-0: Ball 1-0: Called Strike 1-1: Ball 2-1: SINGLE (Groundball, 34D, EV 103.8 MPH) Steve Terres to second Runner from 2nd tries for 3rd, SAFE, throw by RF made to third
|
|
Batting: LHB Rogelio Nunez
|
0-0: Ball 1-0: Reached on error, E5 (Groundball, 56, EV 105.6 MPH) Steve Terres scores Jeff Edwards to second
|
|
Batting: RHB Terrence Wilson
|
0-0: Swinging Strike 0-1: Called Strike 0-2: Strikes out swinging
|
| Bottom of the 2nd over - 1 run, 2 hits, 1 error, 2 left on base; Colorado (EL) 0 - Altoona 1 |
| TOP OF THE 3RD |
|
Colorado (EL) Rockies batting - Pitching for Altoona Curve : RHP Eric Bourque
|
|
Batting: SHB Bobby Santor
|
0-0: Bunt for hit to 2L - play at first, batter OUT! 2-3
|
|
Batting: RHB Dwane Reed
|
0-0: Ball 1-0: Foul Ball, location: 2F 1-1: Ground out 6-3 (Groundball, 56, EV 108.8 MPH)
|
|
Batting: SHB Jamie Mims
|
0-0: Ball 1-0: Foul Ball, location: 2F 1-1: Ball 2-1: Ground out 2-3 (Groundball, 2L, EV 70.0 MPH)
|
| Top of the 3rd over - 0 runs, 0 hits, 0 errors, 0 left on base; Colorado (EL) 0 - Altoona 1 |
| BOTTOM OF THE 3RD |
|
Altoona Curve batting - Pitching for Colorado (EL) Rockies : RHP D.J. Pedroza
|
|
Batting: RHB Chris McCoy
|
0-0: Ground out U3 (Groundball, 34, EV 88.8 MPH)
|
|
Batting: LHB Josh Aerni
|
0-0: Foul Ball, location: 2F 0-1: Ground out U3 (Groundball, 3S, EV 86.2 MPH)
|
|
Batting: RHB Brandon White
|
0-0: Ball 1-0: Ball 2-0: Ground out 6-3 (Groundball, 6M, EV 104.4 MPH)
|
| Bottom of the 3rd over - 0 runs, 0 hits, 0 errors, 0 left on base; Colorado (EL) 0 - Altoona 1 |
| TOP OF THE 4TH |
|
Colorado (EL) Rockies batting - Pitching for Altoona Curve : RHP Eric Bourque
|
|
Batting: SHB Jeff Sorrels
|
0-0: Ball 1-0: Foul Ball, location: 2F 1-1: Ball 2-1: Foul Ball, location: 2F 2-2: Foul Ball, location: 2F 2-2: Foul Ball, location: 2F 2-2: Foul Ball, location: 2F 2-2: Ball 3-2: Foul Ball, location: 2F 3-2: Base on Balls
|
|
Batting: LHB Mick Tucker
|
0-0: Swinging Strike 0-1: DOUBLE (Flyball, 78D, EV 100.6 MPH) Jeff Sorrels to third
|
|
Batting: RHB John Corfield
|
0-0: Foul Ball, location: 2F 0-1: SINGLE (Groundball, 4MD, EV 109.4 MPH) Jeff Sorrels scores Mick Tucker to third
|
|
Batting: LHB Paul McClintock
|
0-0: Ball 1-0: Ball 2-0: Foul Ball, location: 2F 2-1: Reached on error, E5 (Groundball, 56, EV 106.9 MPH) Mick Tucker scores John Corfield to second
|
|
Batting: RHB Chris Tatum
|
0-0: Ball 1-0: Fly out, F9 (Flyball, 89D, EV 86.2 MPH)
|
|
Batting: LHB Daniel Green
|
0-0: SINGLE (Line Drive, 78S, EV 108.1 MPH) John Corfield to third Paul McClintock to second
|
|
Batting: SHB Bobby Santor
|
0-0: Called Strike 0-1: Called Strike 0-2: Ball 1-2: Ball 2-2: Foul Ball, location: 2F 2-2: Foul Ball, location: 2F 2-2: Fly out, F7 (Flyball, 78M, EV 91.9 MPH)
|
|
Batting: RHB Dwane Reed
|
0-0: Ball 1-0: Foul Ball, location: 2F 1-1: Ball 2-1: Foul Ball, location: 2F 2-2: Ground out 3-1 (Groundball, 34S, EV 85.0 MPH)
|
| Top of the 4th over - 2 runs, 3 hits, 1 error, 3 left on base; Colorado (EL) 2 - Altoona 1 |
| BOTTOM OF THE 4TH |
|
Altoona Curve batting - Pitching for Colorado (EL) Rockies : RHP D.J. Pedroza
|
|
Batting: LHB Joe Wise
|
0-0: SINGLE (Groundball, 15S, EV 72.5 MPH) (infield hit)
|
|
Batting: RHB Alex Arzate
|
0-0: Called Strike 0-1: Ball 1-1: Ball 2-1: Swinging Strike 2-2: 2-RUN HOME RUN (Line Drive, 7LD, EV 91.9 MPH), Distance : 341 ft
|
|
Batting: RHB Steve Terres
|
0-0: Called Strike 0-1: SINGLE (Flyball, 6D, EV 93.8 MPH)
|
|
Batting: RHB Jeff Edwards
|
0-0: Called Strike 0-1: Fielders Choice at 2nd, 3-6 (Groundball, 3, EV 90.0 MPH)
|
|
Batting: LHB Rogelio Nunez
|
0-0: Foul Ball, location: 2F 0-1: Fielders Choice at 2nd, 1-6 (Groundball, 13, EV 65.6 MPH)
|
|
Batting: RHB Terrence Wilson
|
0-0: Ball 1-0: Ball 2-0: Fielders Choice at 2nd, 6-4 (Groundball, 6D, EV 91.9 MPH)
|
| Bottom of the 4th over - 2 runs, 3 hits, 0 errors, 1 left on base; Colorado (EL) 2 - Altoona 3 |
| TOP OF THE 5TH |
|
Colorado (EL) Rockies batting - Pitching for Altoona Curve : RHP Eric Bourque
|
|
Batting: SHB Jamie Mims
|
0-0: Ground out 3-1 (Groundball, 34, EV 84.4 MPH)
|
|
Batting: SHB Jeff Sorrels
|
0-0: Swinging Strike 0-1: Fly out, F8 (Flyball, 8LXD, EV 78.1 MPH)
|
|
Batting: LHB Mick Tucker
|
0-0: Ball 1-0: Called Strike 1-1: Foul Ball, location: 2F 1-2: Foul Ball, location: 2F 1-2: Ball 2-2: Strikes out looking
|
| Top of the 5th over - 0 runs, 0 hits, 0 errors, 0 left on base; Colorado (EL) 2 - Altoona 3 |
| BOTTOM OF THE 5TH |
|
Altoona Curve batting - Pitching for Colorado (EL) Rockies : RHP D.J. Pedroza
|
|
Batting: RHB Chris McCoy
|
0-0: Foul Ball, location: 2F 0-1: SINGLE (Groundball, 34S, EV 67.5 MPH) (infield hit)
|
|
Batting: LHB Josh Aerni
|
0-0: Foul Ball, location: 2F 0-1: DOUBLE (Line Drive, 9LM, EV 88.1 MPH) Chris McCoy to third
|
|
Batting: RHB Brandon White
|
0-0: SINGLE (Line Drive, 5D, EV 99.4 MPH) Chris McCoy scores Josh Aerni to third Runner from 3rd tries for Home, SAFE, throw by LF to home
|
|
Pitching: RHP Saburo Fujimoto
|
|
|
Batting: LHB Joe Wise
|
0-0: Called Strike 0-1: Foul Ball, location: 2F 0-2: Fly out, F5 (Line Drive, 5, EV 67.5 MPH)
|
|
Batting: RHB Alex Arzate
|
0-0: Swinging Strike 0-1: Foul Ball, location: 2F 0-2: Strikes out swinging
|
|
Batting: RHB Steve Terres
|
0-0: Ball 1-0: Ground out 4-3 (Groundball, 4, EV 86.9 MPH)
|
| Bottom of the 5th over - 2 runs, 3 hits, 0 errors, 1 left on base; Colorado (EL) 2 - Altoona 5 |
| TOP OF THE 6TH |
|
Colorado (EL) Rockies batting - Pitching for Altoona Curve : RHP Eric Bourque
|
|
Batting: RHB John Corfield
|
0-0: Ball 1-0: Fly out, F8 (Flyball, 78M, EV 84.4 MPH)
|
|
Batting: LHB Paul McClintock
|
0-0: Reached on error, E3 (Groundball, 3L, EV 100.6 MPH)
|
|
Batting: RHB Chris Tatum
|
0-0: Ball 1-0: Called Strike 1-1: Ball 2-1: Ball 3-1: Foul Ball, location: 2F 3-2: Foul Ball, location: 2F 3-2: 2-RUN HOME RUN (Flyball, 7LD, EV 91.9 MPH), Distance : 338 ft
|
|
Batting: LHB Daniel Green
|
0-0: Called Strike 0-1: Ball 1-1: Foul Ball, location: 2F 1-2: Foul Ball, location: 2F 1-2: Strikes out swinging
|
|
Batting: SHB Bobby Santor
|
0-0: Fly out, F9 (Flyball, 8RM, EV 89.4 MPH)
|
| Top of the 6th over - 2 runs, 1 hit, 1 error, 0 left on base; Colorado (EL) 4 - Altoona 5 |
| BOTTOM OF THE 6TH |
|
Altoona Curve batting - Pitching for Colorado (EL) Rockies : RHP Saburo Fujimoto
|
|
Batting: RHB Jeff Edwards
|
0-0: Ball 1-0: Ball 2-0: Ball 3-0: Called Strike 3-1: Base on Balls
|
|
Batting: LHB Rogelio Nunez
|
0-0: Swinging Strike 0-1: Ground out U3 (Groundball, 34S, EV 68.1 MPH) Jeff Edwards to second
|
|
Batting: RHB Terrence Wilson
|
0-0: Ball 1-0: Swinging Strike 1-1: Ball 2-1: Ball 3-1: SINGLE (Line Drive, 4M, EV 97.5 MPH) Jeff Edwards to third
|
|
Batting: RHB Chris McCoy
|
0-0: Ball Terrence Wilson is caught stealing 2nd base 2-4 1-0: Ground out 5-3 (Groundball, 56S, EV 68.1 MPH)
|
| Bottom of the 6th over - 0 runs, 1 hit, 0 errors, 1 left on base; Colorado (EL) 4 - Altoona 5 |
| TOP OF THE 7TH |
|
Colorado (EL) Rockies batting - Pitching for Altoona Curve : RHP Eric Bourque
|
|
Batting: RHB Dwane Reed
|
0-0: Swinging Strike 0-1: Swinging Strike 0-2: Ground out 6-3 (Groundball, 6, EV 76.9 MPH)
|
|
Batting: SHB Jamie Mims
|
0-0: Ball 1-0: Ball 2-0: TRIPLE (Flyball, 89XD, EV 105.0 MPH)
|
|
Batting: SHB Jeff Sorrels
|
0-0: Ball 1-0: Called Strike 1-1: Fly out, F8 (Flyball, 8LD, EV 107.5 MPH) Runner from 3rd tags up, SCORES, throw by CF
|
|
Batting: LHB Mick Tucker
|
0-0: Ball 1-0: Ground out 3-1 (Groundball, 34, EV 86.9 MPH)
|
| Top of the 7th over - 1 run, 1 hit, 0 errors, 0 left on base; Colorado (EL) 5 - Altoona 5 |
| BOTTOM OF THE 7TH |
|
Altoona Curve batting - Pitching for Colorado (EL) Rockies : RHP Saburo Fujimoto
|
|
Pitching: RHP Lorenzo Pacheco
|
|
|
Batting: LHB Josh Aerni
|
0-0: Ball 1-0: Swinging Strike 1-1: Swinging Strike 1-2: Ball 2-2: Foul Ball, location: 2F 2-2: Strikes out swinging
|
|
Batting: RHB Brandon White
|
0-0: Called Strike 0-1: Ground out 3-1 (Groundball, 34S, EV 85.6 MPH)
|
|
Batting: LHB Joe Wise
|
0-0: Called Strike 0-1: Ball 1-1: Fly out, F4 (Popup, 3DF, EV 60.0 MPH)
|
| Bottom of the 7th over - 0 runs, 0 hits, 0 errors, 0 left on base; Colorado (EL) 5 - Altoona 5 |
| TOP OF THE 8TH |
|
Colorado (EL) Rockies batting - Pitching for Altoona Curve : RHP Eric Bourque
|
|
Pitching: LHP Mike Alcaraz
|
|
|
Batting: RHB John Corfield
|
0-0: Called Strike 0-1: Called Strike 0-2: Strikes out looking
|
|
Pinch Hitting: RHB T.J. Williams
|
0-0: SINGLE (Groundball, 6, EV 94.4 MPH)
|
|
Batting: RHB Chris Tatum
|
0-0: Swinging Strike 0-1: Ball 1-1: Swinging Strike 1-2: Foul Ball, location: 2F 1-2: Ball 2-2: Strikes out swinging
|
|
Batting: LHB Daniel Green
|
0-0: Foul Ball, location: 2F 0-1: Called Strike 0-2: Ball 1-2: Foul Ball, location: 2F 1-2: Ground out 6-3 (Groundball, 56D, EV 101.2 MPH)
|
| Top of the 8th over - 0 runs, 1 hit, 0 errors, 1 left on base; Colorado (EL) 5 - Altoona 5 |
| BOTTOM OF THE 8TH |
|
Altoona Curve batting - Pitching for Colorado (EL) Rockies : RHP Lorenzo Pacheco
|
|
Now at SS: Craig Ruzic
|
|
|
Batting: RHB Alex Arzate
|
0-0: Ball 1-0: Called Strike 1-1: SINGLE (Groundball, 56, EV 106.9 MPH)
|
|
Batting: RHB Steve Terres
|
0-0: Ball 1-0: Sac Bunt to 13S - play at first, batter OUT! 1-3 Alex Arzate to second
|
|
Batting: RHB Jeff Edwards
|
0-0: Ball 1-0: Ball 2-0: Called Strike 2-1: SINGLE (Line Drive, 34, EV 103.1 MPH) Alex Arzate to third
|
|
Batting: LHB Rogelio Nunez
|
0-0: Ball 1-0: SINGLE (Groundball, 4MD, EV 103.8 MPH) Alex Arzate scores Jeff Edwards to second
|
|
Pinch Hitting: LHB Carlos Vega
|
0-0: Swinging Strike 0-1: Ball 1-1: Swinging Strike 1-2: 3-RUN HOME RUN (Line Drive, 9LD, EV 92.5 MPH), Distance : 345 ft
|
|
Pitching: RHP Tsuneyoshi Kubo
|
|
|
Batting: RHB Chris McCoy
|
0-0: Ball 1-0: Called Strike 1-1: Foul Ball, location: 2F 1-2: Ball 2-2: Foul Ball, location: 2F 2-2: Foul Ball, location: 2F 2-2: Ground out 6-3 (Groundball, 6, EV 84.4 MPH)
|
|
Batting: LHB Josh Aerni
|
0-0: Ball 1-0: Called Strike 1-1: Foul Ball, location: 2F 1-2: Ball 2-2: Fly out, F3 (Line Drive, 3L, EV 61.9 MPH)
|
| Bottom of the 8th over - 4 runs, 4 hits, 0 errors, 0 left on base; Colorado (EL) 5 - Altoona 9 |
| TOP OF THE 9TH |
|
Colorado (EL) Rockies batting - Pitching for Altoona Curve : LHP Mike Alcaraz
|
|
Pitching: RHP Greg Adair
|
|
|
Now at 3B: Mike Handrahan
|
|
|
Batting: SHB Bobby Santor
|
0-0: Called Strike 0-1: Swinging Strike 0-2: Strikes out swinging
|
|
Batting: RHB Dwane Reed
|
0-0: SINGLE (Line Drive, 4M, EV 98.1 MPH)
|
|
Batting: SHB Jamie Mims
|
0-0: Foul Ball, location: 2F 0-1: Ball 1-1: Swinging Strike 1-2: Ball 2-2: Ball 3-2: Fly out, F7 (Flyball, 78M, EV 86.9 MPH)
|
|
Batting: SHB Jeff Sorrels
|
0-0: Called Strike 0-1: Foul Ball, location: 2F 0-2: Ball 1-2: Strikes out swinging
|
| Top of the 9th over - 0 runs, 1 hit, 0 errors, 1 left on base; Colorado (EL) 5 - Altoona 9 |
|